[Event "Titled Tuesday Blitz May 30 Early 2023"]
[White "Veiga, Jose Francisco R P Neves"]
[Black "Kozak, Adam"]
[WhiteFideId "1930087"]
[BlackFideId "753246"]
[WhiteElo "2320"]
[BlackElo "2469"]
[Result "1-0"]
[Round "06"]
[TimeControl "180+2"]
[Date "2023.05.30"]
[WhiteClock "0:01:22"]
[BlackClock "0:00:03"]

1. d4 e6 2. Nf3 d5 3. Bf4 Bd6 4. e3 Nf6 5. Nbd2 O-O 6. Bd3 c5 7. dxc5 Bxc5 8. O-O a6 9. c4 dxc4 10. Nxc4 b5 11. Nce5 Bb7 12. Rc1 Bb6 13. Qe2 Nbd7 14. Rfd1 Nxe5 15. Bxe5 Qe7 16. Bd6 Qe8 17. Bxf8 Qxf8 18. e4 h6 19. e5 Nd5 20. Be4 Qe7 21. g3 Rb8 22. Nd4 Qg5 23. h4 Qe7 24. Nc6 Bxc6 25. Rxc6 Nb4 26. Rcd6 Nxa2 27. Rd7 Qc5 28. Qf3 Rf8 29. R1d6 Nb4 30. Rb7 Qc1+ 31. Kg2 Bc7 32. Rd7 Bxe5 33. Rxf7 Rc8 34. Rxg7+ Bxg7 35. Qf7+ Kh8 36. Qxg7# 1-0


[Site "https://www.chess.com"]

[Event "Titled Tuesday Blitz May 30 Early 2023"]
[White "Makarian, Rudik"]
[Black "Ehlvest, Jaan"]
[WhiteFideId "44105681"]
[BlackFideId "4500016"]
[WhiteElo "2461"]
[BlackElo "2442"]
[Result "1-0"]
[Round "06"]
[TimeControl "180+2"]
[Date "2023.05.30"]
[WhiteClock "0:01:55"]
[BlackClock "0:00:00"]

1. d4 Nf6 2. c4 e6 3. Nf3 c5 4. d5 d6 5. Nc3 exd5 6. cxd5 g6 7. h3 Bg7 8. e4 O-O 9. Bd3 b5 10. Nxb5 Re8 11. Nd2 Nxd5 12. Nc4 Nb4 13. O-O Ba6 14. Ncxd6 Nxd3 15. Qxd3 Nc6 16. Qd5 Bxb5 17. Nxb5 Qb6 18. Nd6 Rf8 19. Be3 Nd4 20. e5 Rad8 21. Bxd4 cxd4 22. f4 Qxb2 23. Rab1 Qa3 24. Rb7 Qe3+ 25. Kh2 g5 26. Rxf7 Rxf7 27. Qxf7+ Kh8 28. Qe6 h6 29. Nf7+ Kh7 30. Qf5+ Kg8 31. Nxd8 1-0


[Site "https://www.chess.com"]

[Event "Titled Tuesday Blitz May 30 Early 2023"]
[White "Korchmar, Vasiliy"]
[Black "Ahmadzada, Ahmad"]
[WhiteFideId "24131750"]
[BlackFideId "13413007"]
[WhiteElo "2370"]
[BlackElo "2388"]
[Result "0-1"]
[Round "06"]
[TimeControl "180+2"]
[Date "2023.05.30"]
[WhiteClock "0:00:03"]
[BlackClock "0:01:53"]

1. e4 d5 2. exd5 Qxd5 3. Nc3 Qd8 4. d4 Nf6 5. Nf3 Bg4 6. h3 Bxf3 7. Qxf3 c6 8. Be3 e6 9. Bd3 Nbd7 10. O-O Be7 11. Rad1 O-O 12. Ne2 Nd5 13. Bd2 Nb4 14. Bxb4 Bxb4 15. Ng3 Be7 16. Rfe1 g6 17. c3 Nf6 18. h4 Qd5 19. Qe2 Qxa2 20. Bc4 Qa5 21. b4 Qc7 22. h5 Nd5 23. Qf3 Kg7 24. Re4 Bd6 25. Rg4 f5 26. Rh4 g5 27. h6+ Kh8 28. Rh5 g4 29. Qe2 Nf4 30. Qxe6 Nxe6 0-1


[Site "https://www.chess.com"]

[Event "Titled Tuesday Blitz May 30 Early 2023"]
[White "MaryanKyrychenko"]
[Black "Bachmann, Axel"]
[BlackFideId "3700488"]
[WhiteElo "2644"]
[BlackElo "2605"]
[Result "0-1"]
[Round "06"]
[TimeControl "180+2"]
[Date "2023.05.30"]
[WhiteClock "0:00:05"]
[BlackClock "0:00:05"]

1. e4 c6 2. d4 d5 3. e5 c5 4. dxc5 e6 5. a3 Bxc5 6. b4 Bb6 7. Bb2 a5 8. b5 Ne7 9. Nf3 Nd7 10. Bd3 Nc5 11. O-O Ng6 12. g3 O-O 13. h4 Nxd3 14. Qxd3 f6 15. Nbd2 Bd7 16. a4 Rc8 17. Rad1 Qc7 18. c4 Nxe5 19. Nxe5 fxe5 20. cxd5 Qc2 21. Qxc2 Rxc2 22. Bxe5 exd5 23. Bf4 Bg4 24. Rc1 Rfc8 25. Nb3 d4 26. Rxc2 Rxc2 27. Be5 d3 28. Bd4 Bxd4 29. Nxd4 Ra2 30. f3 Bh3 31. Rd1 d2 32. Nb3 Ra3 33. Nxd2 Rd3 34. Kf2 Rd4 35. Ke3 Rxa4 36. Ne4 Ra3+ 37. Kf4 h6 38. Rd8+ Kh7 39. Rb8 Bg2 40. Rxb7 Rxf3+ 41. Kg4 Rf1 42. Re7 Bf3+ 43. Kh3 Rh1# 0-1


[Site "https://www.chess.com"]

[Event "Titled Tuesday Blitz May 30 Early 2023"]
[White "NikaVolkov"]
[Black "Rozen, Eytan"]
[BlackFideId "2816750"]
[WhiteElo "2644"]
[BlackElo "2451"]
[Result "1-0"]
[Round "06"]
[TimeControl "180+2"]
[Date "2023.05.30"]
[WhiteClock "0:00:14"]
[BlackClock "0:00:00"]

1. d4 e6 2. Nf3 f5 3. e3 Nf6 4. c4 b6 5. Bd3 Bb7 6. O-O Be7 7. Nbd2 Ne4 8. Qc2 Nxd2 9. Nxd2 O-O 10. e4 Nc6 11. d5 Nb4 12. Qb3 a5 13. Bb1 Na6 14. exf5 exf5 15. Nf3 Nc5 16. Qc2 c6 17. dxc6 Bxc6 18. Nd4 Be4 19. Qd2 d5 20. Nc6 Qc7 21. cxd5 Bd6 22. h3 Rf6 23. f3 Bxb1 24. Rxb1 Re8 25. b3 Bg3 26. Bb2 Bf4 27. Qc2 Be3+ 28. Kh1 Qg3 29. f4 Rh6 30. Qxf5 Ne4 31. Ne5 Rf8 32. Qg4 Qxg4 33. Nxg4 Ng3+ 34. Kh2 Nxf1+ 35. Rxf1 Bxf4+ 36. Kh1 Rg6 37. Ba3 Bd6 38. Rxf8+ Bxf8 39. Bb2 Rd6 40. Ne3 Rd7 41. Bd4 b5 42. Kg1 Bb4 43. Kf2 Bd2 44. Nf5 g6 45. Ng3 Rxd5 46. Bb6 Bb4 47. Ne4 Kg7 48. Ke3 Be7 49. Bxa5 b4 50. Bb6 Rb5 51. Bd4+ Kf7 52. Kd3 Rb7 53. Kc4 Rc7+ 54. Nc5 Bxc5 55. Bxc5 Rd7 56. Kxb4 Rd4+ 57. Bxd4 1-0


[Site "https://www.chess.com"]

[Event "Titled Tuesday Blitz May 30 Early 2023"]
[White "RobertDowneyJr0111"]
[Black "Vitiugov, Nikita"]
[BlackFideId "4152956"]
[WhiteElo "2638"]
[BlackElo "2673"]
[Result "0-1"]
[Round "06"]
[TimeControl "180+2"]
[Date "2023.05.30"]
[WhiteClock "0:00:00"]
[BlackClock "0:01:39"]

1. e4 c5 2. Nf3 a6 3. c3 e6 4. d4 d5 5. e5 Bd7 6. Nbd2 Qb6 7. Be2 Nc6 8. O-O cxd4 9. Nb3 dxc3 10. bxc3 Qc7 11. c4 Nge7 12. Ba3 Nxe5 13. Nxe5 Qxe5 14. Bf3 dxc4 15. Re1 Qc7 16. Bd6 Qc8 17. Nc5 Bc6 18. Bh5 Ng6 19. Bxf8 Kxf8 20. Qd6+ Kg8 21. Rad1 Qf8 22. Qd4 Qe7 23. Qxc4 Qg5 0-1


[Site "https://www.chess.com"]

[Event "Titled Tuesday Blitz May 30 Early 2023"]
[White "Dragnev, Valentin"]
[Black "Al-Tarboush, Ward"]
[WhiteFideId "1634852"]
[BlackFideId "7601450"]
[WhiteElo "2487"]
[BlackElo "2265"]
[Result "1-0"]
[Round "06"]
[TimeControl "180+2"]
[Date "2023.05.30"]
[WhiteClock "0:01:41"]
[BlackClock "0:01:53"]

1. e4 e6 2. d4 d5 3. e5 c5 4. c3 Nc6 5. Nf3 Qb6 6. Be2 Nh6 7. Bxh6 Qxb2 8. Be3 cxd4 9. Nxd4 Nxd4 10. Bxd4 Qxa1 11. Qb3 a5 12. Bb5+ 1-0


[Site "https://www.chess.com"]

[Event "Titled Tuesday Blitz May 30 Early 2023"]
[White "Kravtsiv, Martyn"]
[Black "Garv Gaur"]
[WhiteFideId "14113147"]
[BlackFideId "45030839"]
[WhiteElo "2695"]
[BlackElo "2068"]
[Result "1-0"]
[Round "06"]
[TimeControl "180+2"]
[Date "2023.05.30"]
[WhiteClock "0:00:29"]
[BlackClock "0:00:00"]

1. e4 g6 2. d4 Bg7 3. Nc3 d5 4. exd5 Nf6 5. Bc4 Nbd7 6. Bg5 Nb6 7. Bxf6 Bxf6 8. Bb3 O-O 9. Nge2 Bf5 10. O-O Qd6 11. a4 a5 12. Re1 Rad8 13. Ng3 c6 14. Nxf5 gxf5 15. dxc6 bxc6 16. Qh5 Bxd4 17. Qxf5 Kh8 18. Ne4 Qg6 19. Qxg6 hxg6 20. c3 Bg7 21. g3 e6 22. Rad1 Nd5 23. Re2 Rb8 24. Bxd5 cxd5 25. Nd6 Rb6 26. Nb5 Rc8 27. Rd3 Rc4 28. b3 Rc5 29. f4 Rbc6 30. Ree3 Kg8 31. Kg2 Kf8 32. h4 Ke7 33. Kf3 Kf8 34. Ke2 Bf6 35. Kd2 Rc8 36. Rf3 Kg7 37. Kc2 Be7 38. Rfe3 Bf6 39. Kd2 Be7 40. Re2 Bf6 41. Rh2 Rh8 42. Rf3 Rhc8 43. g4 Be7 44. h5 Rh8 45. Rfh3 gxh5 46. Rxh5 Rxh5 47. Rxh5 Bf6 48. Kd3 Be7 49. Rh3 Rc8 50. Rh1 Bf6 51. Rh5 Kg6 52. f5+ Kg7 53. g5 Be5 54. fxe6 fxe6 55. Rh6 Re8 56. c4 Bf4 57. cxd5 exd5 58. Ra6 Re3+ 59. Kd4 Rxb3 60. Rxa5 Bxg5 61. Kxd5 Bd2 62. Ra6 Rb1 63. Nd4 Ra1 64. Nf5+ Kh8 65. Ra7 Bf4 66. Ke6 Rb1 67. a5 Ra1 68. Kf6 Bd2 69. a6 Bc3+ 70. Kf7 Rh1 71. Ra8+ Kh7 72. Rc8 Ra1 73. Rc6 Bg7 74. Nxg7 Rf1+ 75. Rf6 Ra1 76. Nf5 1-0


[Site "https://www.chess.com"]

[Event "Titled Tuesday Blitz May 30 Early 2023"]
[White "Mischuk, Dmitry"]
[Black "OPQRC"]
[WhiteFideId "14118734"]
[WhiteElo "2256"]
[BlackElo "2550"]
[Result "1-0"]
[Round "06"]
[TimeControl "180+2"]
[Date "2023.05.30"]
[WhiteClock "0:00:15"]
[BlackClock "0:00:00"]

1. d4 Nf6 2. c4 e6 3. Nf3 d5 4. g3 Bb4+ 5. Nbd2 a5 6. Bg2 O-O 7. O-O dxc4 8. Nxc4 b5 9. Nfe5 Ra6 10. Ne3 Bd6 11. Qc2 c5 12. Rd1 cxd4 13. Rxd4 Qe7 14. Nf3 Bb7 15. Bd2 Rc8 16. Qd1 Bc5 17. Rh4 Rd6 18. Qe1 a4 19. Rc1 Na6 20. Bc3 Ne4 21. Be5 Rdd8 22. Bc3 b4 23. Bd2 Nxd2 24. Nxd2 Bxe3 25. fxe3 Bxg2 26. Kxg2 Qd6 27. Nf3 Qd5 28. b3 axb3 29. axb3 Qxb3 30. Ra1 Nc5 31. Rxb4 Qxe3 32. Qf2 Qxf2+ 33. Kxf2 Rd7 34. Rab1 f6 35. h4 Rdc7 36. Ke3 Nd7 37. R4b3 Rc3+ 38. Rxc3 Rxc3+ 39. Kf2 Kf7 40. Rb7 Ke7 41. Nd4 Rc5 42. Ke3 Kd6 43. Ra7 Rc3+ 44. Kf2 Rc1 45. Nb5+ Ke7 46. Nd4 e5 47. Nf5+ Ke6 48. Nxg7+ Kd6 49. Nf5+ Ke6 50. Ne3 Nc5 51. Kf3 f5 52. Rxh7 Rc3 53. Rh6+ Kf7 54. Rc6 Ke7 55. Kg2 f4 56. Nd5+ Kd7 57. Rc7+ Kd6 58. Nxc3 Kxc7 59. gxf4 exf4 60. Kf3 Ne6 61. Nd5+ Kd6 62. Nxf4 Ng7 63. Kg4 Ke5 64. Kg5 Nf5 65. h5 Ng3 66. h6 Ne4+ 67. Kg6 Kxf4 68. h7 1-0


[Site "https://www.chess.com"]

[Event "Titled Tuesday Blitz May 30 Early 2023"]
[White "Novikov, Evgenij"]
[Black "Mendonca, Leon Luke"]
[WhiteFideId "4125380"]
[BlackFideId "35028561"]
[WhiteElo "2242"]
[BlackElo "2464"]
[Result "1/2-1/2"]
[Round "06"]
[TimeControl "180+2"]
[Date "2023.05.30"]
[WhiteClock "0:00:13"]
[BlackClock "0:00:33"]

1. d4 e6 2. c4 Bb4+ 3. Bd2 Bxd2+ 4. Qxd2 Nf6 5. Nc3 d5 6. Nf3 O-O 7. e3 b6 8. cxd5 Nxd5 9. Bd3 Bb7 10. e4 Nxc3 11. bxc3 c5 12. O-O cxd4 13. cxd4 Nd7 14. Rac1 Rc8 15. Rxc8 Qxc8 16. Rc1 Qb8 17. h3 h6 18. Rc3 Rc8 19. Qc2 Rxc3 20. Qxc3 Qd6 21. Kf1 Kf8 22. Ke2 Ke7 23. g3 Kd8 24. Nd2 Qc6 25. Qxc6 Bxc6 26. f4 Ke7 27. Ke3 Kd6 28. Nc4+ Ke7 29. Ne5 Nxe5 30. fxe5 b5 31. a3 a5 32. d5 exd5 33. exd5 Bxd5 34. Bxb5 Be6 35. g4 f6 36. Ke4 Bc8 37. Bc6 Ba6 38. Kf5 Bd3+ 39. Be4 Bxe4+ 40. Kxe4 Ke6 41. exf6 Kxf6 42. h4 Ke6 43. a4 g6 44. h5 g5 45. Kd4 Kd6 46. Ke4 Ke6 47. Kd4 Kd6 48. Ke4 Ke6 1/2-1/2


[Site "https://www.chess.com"]

[Event "Titled Tuesday Blitz May 30 Early 2023"]
[White "Bortnyk, Olexandr"]
[Black "Boyer, Mahel"]
[WhiteFideId "14120828"]
[BlackFideId "45102422"]
[WhiteElo "2734"]
[BlackElo "2439"]
[Result "0-1"]
[Round "06"]
[TimeControl "180+2"]
[Date "2023.05.30"]
[WhiteClock "0:00:04"]
[BlackClock "0:00:10"]

1. e4 Nc6 2. Nf3 d5 3. exd5 Qxd5 4. Nc3 Qh5 5. Nb5 Kd8 6. d4 Bg4 7. d5 Ne5 8. Be2 Nxf3+ 9. gxf3 Bd7 10. Qd4 Nf6 11. Bf4 Bxb5 12. Bxb5 Qxf3 13. Rg1 Qe4+ 14. Qxe4 Nxe4 15. f3 Nd6 16. Bd3 g6 17. Be5 Rg8 18. O-O-O Bh6+ 19. Kb1 f6 20. Bg3 Kd7 21. Rge1 Rge8 22. c4 b6 23. c5 bxc5 24. Bxd6 Kxd6 25. Bb5 c4 26. Re6+ Kc5 27. Bxe8 Rxe8 28. Kc2 Bf4 29. Rc6+ Kb5 30. Rd4 Bxh2 31. Rdxc4 Bd6 32. a3 e6 33. dxe6 Rxe6 34. b4 Ka4 35. Ra6+ Kb5 36. Rcc6 Re3 37. a4+ Kxb4 38. Rxa7 Re5 39. Rb7+ Kxa4 40. Ra6+ Ra5 41. Rxa5+ Kxa5 42. Kd3 h5 43. Ke4 h4 44. Rb8 h3 45. Rh8 h2 46. f4 g5 47. Rxh2 Bxf4 48. Rb2 Be5 49. Rb1 g4 50. Kd5 g3 51. Rg1 Kb5 52. Rb1+ Ka4 53. Kc4 Ka5 54. Kc5 Ka6 55. Kc6 Ka7 56. Rb7+ Ka6 57. Rb3 Ka5 58. Rb1 Ka4 59. Kc5 Ka3 60. Kc4 Ka2 61. Rb8 Ka3 62. Rb3+ Ka2 63. Rb8 Bd6 64. Rg8 f5 65. Kd3 f4 66. Ke4 Kb3 67. Kf3 Kc4 68. Rg6 Kd5 69. Rg5+ Be5 70. Rg8 c5 71. Rd8+ Bd6 72. Rc8 c4 73. Ra8 c3 74. Rc8 Be5 75. Ke2 Ke4 76. Rf8 Bd4 77. Re8+ Be5 78. Rf8 c2 79. Kd2 g2 80. Rg8 f3 81. Kxc2 Bd4 82. Rg4+ Ke5 83. Kd3 g1=Q 84. Rxg1 Bxg1 85. Kd2 Kf4 86. Ke1 Kg3 87. Kf1 Bd4 88. Ke1 Kg2 0-1


[Site "https://www.chess.com"]

[Event "Titled Tuesday Blitz May 30 Early 2023"]
[White "Aradhya, Garg"]
[Black "Narayanan.S.L"]
[WhiteFideId "25006746"]
[BlackFideId "5058422"]
[WhiteElo "2263"]
[BlackElo "2563"]
[Result "0-1"]
[Round "06"]
[TimeControl "180+2"]
[Date "2023.05.30"]
[WhiteClock "0:00:46"]
[BlackClock "0:01:49"]

1. d4 g6 2. Nf3 Bg7 3. c4 d6 4. Nc3 Bg4 5. e3 Nf6 6. Be2 O-O 7. O-O a5 8. e4 Nc6 9. Be3 Bxf3 10. Bxf3 e5 11. d5 Nd4 12. Bxd4 exd4 13. Qxd4 Nd7 14. Qd2 Nc5 15. b3 Re8 16. Rfe1 Qh4 17. Rac1 Bh6 18. Qd4 Bxc1 19. Rxc1 f5 20. g3 Qg5 21. Re1 fxe4 22. Nxe4 Nxe4 23. Rxe4 Rxe4 24. Qxe4 Qf5 25. Qe2 h5 26. Be4 Re8 27. f3 Qf6 28. Qd2 g5 29. Qxa5 g4 30. Qxc7 gxf3 31. Qh7+ Kf8 32. Kf2 Re7 33. Qf5 Qxf5 34. Bxf5 Re2+ 35. Kxf3 Rxa2 36. h4 Rb2 37. Kf4 Rxb3 38. Bg6 Rb4 39. Bxh5 Rxc4+ 40. Kf5 b5 41. Be2 Rd4 42. Ke6 Re4+ 43. Kxd6 Rxe2 44. Kc5 Rd2 45. g4 b4 46. Kc4 b3 47. Kxb3 Rxd5 48. Kc4 Rd1 49. Kc5 Kg7 0-1


[Site "https://www.chess.com"]

[Event "Titled Tuesday Blitz May 30 Early 2023"]
[White "Steinberg, Nitzan"]
[Black "Oleksiyenko, Mykhaylo"]
[WhiteFideId "2801795"]
[BlackFideId "4152417"]
[WhiteElo "2486"]
[BlackElo "2551"]
[Result "0-1"]
[Round "06"]
[TimeControl "180+2"]
[Date "2023.05.30"]
[WhiteClock "0:00:34"]
[BlackClock "0:01:02"]

1. Nf3 d5 2. g3 g6 3. Bg2 Bg7 4. O-O e5 5. d3 Ne7 6. Nbd2 O-O 7. e4 c6 8. Re1 Qc7 9. b4 a5 10. c3 axb4 11. cxb4 Na6 12. Rb1 d4 13. a3 b5 14. h4 h6 15. Nb3 Be6 16. Bd2 Nc8 17. Qc2 Nb6 18. Rec1 Rfc8 19. Qd1 Na4 20. Kh2 Kh7 21. Bh3 Bxh3 22. Kxh3 Qd7+ 23. Kg2 Nc7 24. h5 g5 25. Nh2 f5 26. exf5 Qxf5 27. Qf3 Qxf3+ 28. Nxf3 Nd5 29. Na5 Nac3 30. Bxc3 dxc3 31. Re1 c5 32. Nxe5 cxb4 33. axb4 c2 34. Rbc1 Nxb4 35. Nb7 Bxe5 36. Rxe5 Nxd3 37. Re7+ Kg8 0-1


[Site "https://www.chess.com"]

[Event "Titled Tuesday Blitz May 30 Early 2023"]
[White "Galchenko, Matvey"]
[Black "Harikrishnan.A.Ra"]
[WhiteFideId "24175480"]
[BlackFideId "5081483"]
[WhiteElo "2423"]
[BlackElo "2271"]
[Result "1-0"]
[Round "06"]
[TimeControl "180+2"]
[Date "2023.05.30"]
[WhiteClock "0:01:39"]
[BlackClock "0:01:36"]

1. f4 e5 2. fxe5 d6 3. Nf3 dxe5 4. e4 Nc6 5. Bc4 Bc5 6. Qe2 Nf6 7. Bxf7+ Kf8 8. c3 Bb6 9. Bb3 g6 10. d3 Kg7 11. Rf1 Rf8 12. Na3 Qe7 13. Nc4 Be6 14. a4 Na5 15. Nxa5 Bxa5 16. Bxe6 Qxe6 17. b4 Qb3 18. Qb2 Qxb2 19. Bxb2 Bb6 20. a5 Be3 21. Ke2 Bh6 22. Nxe5 Rae8 23. c4 Kg8 24. Rxf6 Rxf6 25. Ng4 1-0


[Site "https://www.chess.com"]

[Event "Titled Tuesday Blitz May 30 Early 2023"]
[White "Levitskiy, Andrey"]
[Black "Asis Gargatagli, Hipolito"]
[WhiteFideId "14132885"]
[BlackFideId "2260735"]
[WhiteElo "2347"]
[BlackElo "2557"]
[Result "0-1"]
[Round "06"]
[TimeControl "180+2"]
[Date "2023.05.30"]
[WhiteClock "0:00:00"]
[BlackClock "0:01:05"]

1. e4 c5 2. Nf3 d6 3. d4 cxd4 4. Nxd4 Nf6 5. Nc3 a6 6. h3 e5 7. Nde2 h5 8. Bg5 Be6 9. Bxf6 Qxf6 10. Nd5 Qd8 11. Nec3 g6 12. a4 Nc6 13. Bd3 Bh6 14. O-O O-O 15. b4 Rc8 16. Ra3 Ne7 17. Be2 Bxd5 18. Nxd5 Nxd5 19. Qxd5 Rxc2 20. Bd1 Rc7 21. Rd3 Rd7 22. Bb3 Kg7 23. Rfd1 Qb6 24. b5 Rc8 25. Rf3 Bf4 26. g3 Rc5 27. Qd3 Bg5 28. h4 Bh6 29. Bc4 Qc7 30. Bd5 Qa5 31. Qb3 axb5 32. Bxf7 Qxa4 33. Qe6 Qxd1+ 34. Kg2 Qxf3+ 35. Kxf3 Rxf7+ 36. Kg2 Rc2 0-1


[Site "https://www.chess.com"]

[Event "Titled Tuesday Blitz May 30 Early 2023"]
[White "Kovalenko, Igor"]
[Black "Sahib Singh"]
[WhiteFideId "14117908"]
[BlackFideId "25618342"]
[WhiteElo "2574"]
[BlackElo "1934"]
[Result "1-0"]
[Round "06"]
[TimeControl "180+2"]
[Date "2023.05.30"]
[WhiteClock "0:00:48"]
[BlackClock "0:00:00"]

1. c4 e6 2. Nc3 d5 3. d4 c6 4. e3 f5 5. b3 Nf6 6. Bb2 Bd6 7. Qc2 O-O 8. f4 Ne4 9. Nxe4 fxe4 10. Nh3 a6 11. Be2 b5 12. c5 Bc7 13. O-O-O a5 14. a3 Nd7 15. g4 Qe7 16. Rdg1 Nb8 17. Rg3 Bd7 18. Rg2 Na6 19. Kb1 Rfb8 20. Nf2 Rf8 21. h4 Be8 22. h5 Kh8 23. Nh3 Kg8 24. Bc1 Bd7 25. Bd2 Rf6 26. Be1 Rff8 27. Ng1 Qf7 28. Bh4 Bd8 29. Bxd8 Rfxd8 30. Nh3 Qe7 31. g5 Rf8 32. Nf2 Rf5 33. Ng4 Be8 34. Ne5 Nb8 35. Rg3 Qc7 36. Bf1 Nd7 37. Ng4 Kf8 38. Bg2 Qd8 39. Nf2 Qc7 40. Nxe4 dxe4 41. Bxe4 g6 42. Bxf5 exf5 43. hxg6 Bxg6 44. Rgh3 Kg7 45. d5 cxd5 46. Qb2+ Kg8 47. Rxh7 Bxh7 48. g6 Nf8 49. gxh7+ Nxh7 50. Qd4 Re8 51. Rg1+ Kf8 52. Qh8+ Ke7 53. Qxh7+ Kd8 54. Qxc7+ Kxc7 55. Rg3 b4 56. axb4 axb4 57. Kc2 Kc6 58. Kd3 Kxc5 59. Rg5 Rf8 60. Rg7 Ra8 61. Rc7+ Kb6 62. Rf7 Ra3 63. Kd4 Rxb3 64. Rxf5 Rb1 65. Kxd5 Rc1 66. Rf8 Kc7 67. Rf7+ Kb6 68. Rf8 Kc7 69. Rh8 b3 70. Rh2 Rc2 71. Rh1 Kb6 72. Rb1 b2 73. Kd4 Kb5 74. Kd3 Rh2 75. Kc3 Kc5 76. Rxb2 Rh3 77. Kd3 Kd5 78. Rb5+ Kc6 79. Rg5 Kd6 80. Ke4 Ke6 81. Rg6+ Kf7 82. Rb6 Rh1 83. f5 Ra1 84. Kf4 Ra4+ 85. e4 Rc4 86. Rd6 Ra4 87. Ke5 Ra5+ 88. Rd5 Ra7 89. Kf4 Ra4 90. Re5 Ra1 91. Re6 Ra4 92. Kg5 Ra1 93. Rf6+ Ke7 94. Rc6 Rg1+ 95. Kf4 Ra1 96. e5 Rf1+ 97. Kg5 Rg1+ 98. Kh6 Rh1+ 99. Kg7 Rg1+ 100. Rg6 Rf1 101. Re6+ Kd8 102. Kf6 Kd7 103. Re7+ Kd8 104. Rh7 Ra1 105. e6 Ra6 106. Rh8+ Kc7 107. Kf7 Kd6 108. Rd8+ Ke5 109. e7 Ra7 110. f6 Kf5 111. Rd5+ Ke4 112. Rb5 1-0


[Site "https://www.chess.com"]

[Event "Titled Tuesday Blitz May 30 Early 2023"]
[White "Sethuraman, S.P."]
[Black "Jeet, Jain"]
[WhiteFideId "5021596"]
[BlackFideId "5073022"]
[WhiteElo "2543"]
[BlackElo "2067"]
[Result "1-0"]
[Round "06"]
[TimeControl "180+2"]
[Date "2023.05.30"]
[WhiteClock "0:00:28"]
[BlackClock "0:00:00"]

1. d4 c6 2. Nc3 d5 3. Bf4 Nf6 4. e3 Bf5 5. f3 h5 6. Qd2 e6 7. Bd3 Bd6 8. Nge2 Bxd3 9. Qxd3 Bxf4 10. Nxf4 Nbd7 11. O-O-O e5 12. dxe5 Nxe5 13. Qf5 Qe7 14. e4 g6 15. Qg5 dxe4 16. Rhe1 Nfd7 17. Qxe7+ Kxe7 18. Nxe4 Rhb8 19. Nc5 Nxc5 20. Rxe5+ Ne6 21. Rde1 Rd8 22. Nxe6 fxe6 23. Rxe6+ Kf7 24. Re7+ Kf6 25. Rxb7 Rd6 26. a4 Rad8 27. Rxa7 Rd2 28. Rc7 Rxg2 29. Rxc6+ Kg5 30. a5 Rxh2 31. a6 Rf2 32. Rg1+ Kf4 33. a7 g5 34. Rf6+ Ke5 35. Ra6 Ra8 36. Rxg5+ Kf4 37. Rxh5 Rf1+ 38. Kd2 Rd8+ 39. Kc3 Rxf3+ 40. Kb4 Ra8 41. Rb5 Kg3 42. Rb8 Rf4+ 43. c4 1-0


[Site "https://www.chess.com"]

[Event "Titled Tuesday Blitz May 30 Early 2023"]
[White "Agibileg, Uurtsaikh"]
[Black "Fier, Alexandr"]
[WhiteFideId "4901606"]
[BlackFideId "2107139"]
[WhiteElo "2353"]
[BlackElo "2610"]
[Result "1-0"]
[Round "06"]
[TimeControl "180+2"]
[Date "2023.05.30"]
[WhiteClock "0:00:10"]
[BlackClock "0:00:04"]

1. d4 Nf6 2. c4 c5 3. d5 e6 4. Nc3 exd5 5. cxd5 d6 6. e4 g6 7. h3 Bg7 8. Nf3 Nbd7 9. Bd3 a6 10. a4 Nh5 11. O-O Ne5 12. Be2 Nxf3+ 13. Bxf3 Qh4 14. Bxh5 gxh5 15. f4 Bxh3 16. Qe1 Bd4+ 17. Kh2 Qxe1 18. Rxe1 Bg4 19. Be3 Kd7 20. a5 Rhe8 21. Bxd4 cxd4 22. Na4 Rad8 23. Ra3 Ke7 24. Rd3 Rc8 25. Rxd4 Rc2 26. Rb4 Bf3 27. Kg3 Bxg2 28. Rxb7+ Kf6 29. e5+ Kg6 30. Rb6 Rg8 31. Rxd6+ Kf5+ 32. Kh4 Rg6 33. Rxg6 hxg6 34. e6 fxe6 35. dxe6 Bc6 36. Nc3 Kxf4 37. Rf1+ Ke5 38. e7 Kd6 39. Rf6+ Kxe7 40. Rxc6 Rxb2 41. Rxg6 Rh2+ 42. Kg3 Rc2 43. Nd5+ Kd7 44. Rxa6 Kc8 45. Ra7 Kb8 46. Ra6 Ra2 47. Kh4 Rc2 48. Rb6+ Ka7 49. Nb4 Rc4+ 50. Kh3 Ka8 51. Nc6 Rh4+ 52. Kg3 Rg4+ 53. Kf3 Rg8 54. a6 h4 55. a7 1-0


[Site "https://www.chess.com"]

[Event "Titled Tuesday Blitz May 30 Early 2023"]
[White "Bryakin, Mikhail"]
[Black "Souleidis, Georgios"]
[WhiteFideId "4165314"]
[BlackFideId "4206827"]
[WhiteElo "2467"]
[BlackElo "2401"]
[Result "1-0"]
[Round "06"]
[TimeControl "180+2"]
[Date "2023.05.30"]
[WhiteClock "0:00:16"]
[BlackClock "0:00:00"]

1. c4 e5 2. e3 Nc6 3. Nc3 Nf6 4. b3 d5 5. cxd5 Nxd5 6. Bb2 Nxc3 7. dxc3 Bd6 8. Qc2 O-O 9. Nf3 Qe7 10. Bd3 f5 11. e4 Bd7 12. O-O f4 13. Nd2 Rf6 14. Nc4 Rh6 15. Nxd6 cxd6 16. f3 Qh4 17. Rf2 Qxh2+ 18. Kf1 Rg6 19. b4 Kh8 20. Rd1 a6 21. Bc4 Ne7 22. Bf7 Rf6 23. Bb3 Qg3 24. c4 Rc8 25. a4 Ng6 26. c5 b6 27. Qd3 bxc5 28. Qxa6 cxb4 29. Rxd6 Rxd6 30. Qxd6 Bh3 31. gxh3 Qxh3+ 32. Ke2 Qh1 33. Qd1 Qh4 34. Qd7 Rf8 35. Qd6 1-0


[Site "https://www.chess.com"]

[Event "Titled Tuesday Blitz May 30 Early 2023"]
[White "Kukhmazov, Arsen"]
[Black "SashaKuzhilniy"]
[WhiteFideId "24108260"]
[WhiteElo "2396"]
[BlackElo "2630"]
[Result "1-0"]
[Round "06"]
[TimeControl "180+2"]
[Date "2023.05.30"]
[WhiteClock "0:00:33"]
[BlackClock "0:00:37"]

1. d4 Nf6 2. c4 e5 3. dxe5 Ng4 4. Bf4 Nc6 5. Nf3 Bb4+ 6. Nc3 Bxc3+ 7. bxc3 Qe7 8. Qd5 f6 9. exf6 Nxf6 10. Qd3 d6 11. g3 O-O 12. Bg2 Re8 13. Nd4 Ne5 14. Bxe5 dxe5 15. Nb3 c6 16. O-O Bg4 17. Rfd1 Rad8 18. Qe3 Qa3 19. Rxd8 Rxd8 20. h3 Be6 21. Qxe5 Bxc4 22. Nd4 Qxc3 23. Rd1 Bxa2 24. Rd3 Qa1+ 25. Kh2 Bf7 26. Nxc6 Qxe5 27. Rxd8+ Qe8 28. Rxe8+ Bxe8 29. Nxa7 b6 30. e4 Nd7 31. f4 Nc5 32. e5 Kf8 33. Bf1 Ke7 34. Kg2 Ne4 35. Bd3 Nc3 36. Nc8+ Kd8 37. Nxb6 h6 38. Kf2 Bc6 39. Ke3 Nd1+ 40. Kd4 Nf2 41. Bf5 Ke7 42. Nc8+ Kf8 43. Nd6 Nh1 44. Be4 Bxe4 45. Nxe4 Ke7 46. f5 Kd7 47. Ke3 Ke7 48. Kf3 1-0


[Site "https://www.chess.com"]

[Event "Titled Tuesday Blitz May 30 Early 2023"]
[White "Gorovets, Andrey"]
[Black "Jakubowski, Krzysztof"]
[WhiteFideId "13504037"]
[BlackFideId "1112848"]
[WhiteElo "2459"]
[BlackElo "2359"]
[Result "1/2-1/2"]
[Round "06"]
[TimeControl "180+2"]
[Date "2023.05.30"]
[WhiteClock "0:01:29"]
[BlackClock "0:01:23"]

1. Nf3 Nf6 2. g3 d5 3. Bg2 Bf5 4. c4 c6 5. Qb3 Qb6 6. d3 Qxb3 7. axb3 e6 8. Be3 a6 9. Nh4 Bg6 10. Nxg6 hxg6 11. Nc3 Nbd7 12. d4 Bd6 13. h3 Ke7 14. O-O Rh5 15. f4 Rah8 16. Bf2 R5h7 17. e3 Bb8 18. g4 g5 19. fxg5 Nxg4 20. hxg4 Bh2+ 21. Kh1 Bb8+ 22. Kg1 Bh2+ 23. Kh1 Bb8+ 24. Kg1 1/2-1/2


[Site "https://www.chess.com"]

[Event "Titled Tuesday Blitz May 30 Early 2023"]
[White "Ilamparthi A R"]
[Black "iHateNAJDORF"]
[WhiteFideId "45015775"]
[WhiteElo "2348"]
[BlackElo "2614"]
[Result "1-0"]
[Round "06"]
[TimeControl "180+2"]
[Date "2023.05.30"]
[WhiteClock "0:00:17"]
[BlackClock "0:00:01"]

1. e4 c5 2. Nf3 Nc6 3. d3 Nf6 4. g3 g6 5. Bg2 Bg7 6. O-O O-O 7. Re1 d5 8. exd5 Nxd5 9. Nbd2 b6 10. Ne4 Bb7 11. h4 Qc7 12. h5 Rad8 13. c3 Ba6 14. hxg6 hxg6 15. Nfg5 Nf6 16. Bf4 Qc8 17. Nxf6+ exf6 18. Ne4 Rxd3 19. Qa4 Ne5 20. Nxf6+ Bxf6 21. Bxe5 Bxe5 22. Rxe5 Bb7 23. Rae1 Bxg2 24. Kxg2 Qd7 25. Qe4 Kg7 26. Re7 Qd5 27. Qxd5 Rxd5 28. Rxa7 Rd2 29. b4 Rd3 30. bxc5 bxc5 31. Re3 Rfd8 32. Rae7 c4 33. Rf3 Rxf3 34. Kxf3 Rd2 35. Re4 Rxa2 36. Rxc4 Kf6 37. Rc6+ Kg5 38. c4 Rc2 39. Rc7 f5 40. c5 Rc4 41. c6 Rc3+ 42. Kg2 Kg4 43. Rc8 Rc2 44. c7 g5 45. Rh8 Rxc7 46. f3# 1-0


[Site "https://www.chess.com"]